 Dungeon Crawl Stone Soup version 0.27.0-66-gdc8fb28755 (webtiles) character file.

Game seed: 14198762579376037715

8470 bobkasz the Blocker (level 11, -18/91 HPs)
             Began as a Minotaur Fighter on Aug 20, 2021.
             Was a Believer of Qazlal.
             Demolished by a freezing wraith (21 damage)
             ... on level 9 of the Dungeon.
             The game lasted 00:46:13 (14577 turns).

bobkasz the Blocker (Minotaur Fighter)             Turns: 14577, Time: 00:46:14

Health: -18/91     AC: 16    Str: 24    XL:     11   Next: 10%
Magic:  10/10      EV:  7    Int: 11    God:    Qazlal [**....]
Gold:   410        SH: 21    Dex: 10    Spells: 10/10 levels left

rFire    . . .     SeeInvis .   c - +3 trident (vamp)
rCold    . . .     Faith    .   j - +0 tower shield
rNeg     . . .     Spirit   .   h - +0 chain mail
rPois    .         Reflect  .   (helmet restricted)
rElec    .         Harm     .   P - +0 cloak
rCorr    .         Rampage  .   K - +0 pair of gloves
Will     .....                  g - +0 pair of boots
Stlth    ..........             C - amulet of magic regeneration
HPRegen  0.25/turn              x - +6 ring of intelligence
MPRegen  0.37/turn              (no ring)

@: slowed, very slow
A: horns 2, retaliatory headbutt
a: Renounce Religion, Upheaval


You were on level 9 of the Dungeon.
You worshipped Qazlal.
Qazlal was pleased with you.
You visited 1 branch of the dungeon, and saw 10 of its levels.

You collected 410 gold pieces.

Inventory:

Hand Weapons
 a - a +3 falchion
 b - a +4 mace
 c - a +3 vampiric trident (weapon)
 d - a +3 flail of holy wrath
 q - a +1 dagger of holy wrath
 u - a +4 short sword
 L - a +2 whip of flaming
Missiles
 m - 3 curare-tipped darts (quivered)
 o - 41 poisoned darts
 D - 10 boomerangs
 E - 106 bolts
 M - 136 arrows
 U - 4 boomerangs of dispersal
Armour
 g - a +0 pair of boots (worn)
 h - a +0 chain mail (worn)
 j - a +0 tower shield (worn)
 K - a +0 pair of gloves (worn)
 P - a +0 cloak (worn)
Jewellery
 t - a ring of protection from cold
 x - a +6 ring of intelligence (left hand)
 C - an amulet of magic regeneration (around neck)
 R - a ring of fire
 V - a ring of magical power
Wands
 Q - a wand of charming (24)
 Z - a wand of mindburst (10)
Scrolls
 e - a scroll of immolation {unknown}
 f - 5 scrolls of teleportation {unknown}
 k - 4 scrolls of identify {unknown}
 v - a scroll of enchant armour {unknown}
 w - a scroll of fear {unknown}
 y - a scroll of blinking {unknown}
 z - 3 scrolls of noise {unknown}
 A - a scroll of enchant weapon {unknown}
 F - a scroll of vulnerability {unknown}
 G - a scroll of silence {unknown}
 H - a scroll of summoning {unknown}
 J - a scroll of amnesia {unknown}
 T - a scroll of fog {unknown}
 X - a scroll of magic mapping {unknown}
 Y - a scroll of acquirement {unknown}
Potions
 i - a potion of degeneration {unknown}
 l - 3 potions of haste
 n - a potion of attraction {unknown}
 p - a potion of heal wounds {unknown}
 r - 3 potions of flight {unknown}
 s - 9 potions of curing {unknown}
 B - 5 potions of invisibility {unknown}
 I - 2 potions of lignification
 N - 3 potions of brilliance {unknown}
 O - a potion of berserk rage {unknown}
 S - a potion of might
Miscellaneous
 W - a lightning rod (4/4)


   Skills:
 + Level 6.9 Fighting
 + Level 2.1(3.2) Short Blades
 + Level 4.1(4.4) Long Blades
 + Level 9.8 Maces & Flails
 + Level 3.6 Polearms
 + Level 10.8 Armour
 + Level 3.9 Dodging
 + Level 1.1 Stealth
 + Level 11.7 Shields
 + Level 0.7 Invocations


You had 10 spell levels left.
You didn't know any spells.
Your spell library contained the following spells:

 Spells                   Type           Power      Damage    Failure   Level
 Shock                    Conj/Air       0%         1d3       100%        1
 Slow                     Hex            0%         N/A       100%        2
 Confusing Touch          Hex            0%         N/A       100%        3
 Conjure Flame            Conj/Fire      0%         6-21      100%        3
 Ignite Poison            Fire/Tmut/Pois 0%         N/A       100%        3
 Swiftness                Air            0%         N/A       100%        3
 Vampiric Draining        Necr           0%         2d6       100%        3
 Airstrike                Air            0%         N/A       100%        4
 Sticky Flame             Conj/Fire      0%         2d3       100%        4


Dungeon Overview and Level Annotations

Branches:
Dungeon (10/15)            Temple (0/1) D:5             Orc (0/2) D:10
   Lair: D:8-11

Altars:
Elyvilon
Fedhas
Nemelex Xobeh
Okawaru
Qazlal
Ru
Sif Muna
Trog
Vehumet
Xom
Yredelemnul
Zin

Shops:
D:4 :

Annotations:
D:6 2 transporters
D:10 1 transporter, StarGazer's ghost, novice DsNe


Innate Abilities, Weirdness & Mutations

You have a pair of horns on your head.
You reflexively headbutt those who attack you in melee.


Message History

You block the freezing wraith's attack. x2; The freezing wraith hits you.
The freezing wraith freezes you! The freezing wraith hits you.
You block the freezing wraith's attack. The freezing wraith hits you!
The freezing wraith drains your vigour!
You feel as though you will be slow longer.
You are too injured to fight recklessly!
You block the freezing wraith's attack. The freezing wraith hits you.
The freezing wraith drains your vigour!
You feel as though you will be slow longer.
The freezing wraith hits you but does no damage.
You block the freezing wraith's attack.
You block the freezing wraith's attack. x2
You see here a +0 leather armour.
The freezing wraith hits you but does no damage.
You block the freezing wraith's attack.
The freezing wraith hits you but does no damage.
The freezing wraith hits you. The freezing wraith drains your vigour!
You feel as though you will be slow longer.
You block the freezing wraith's attack. x2
Aiming: Mindburst
Press: ? - help, Shift-Dir - straight line, f/p - freezing wraith
Aim: a freezing wraith (chance to affect: 48%)
The freezing wraith's mind is blasted!!
You block the freezing wraith's attack.
The freezing wraith hits you but does no damage.
You closely miss the freezing wraith.
The freezing wraith is heavily damaged.
The freezing wraith hits you. The freezing wraith freezes you!!
* * * LOW HITPOINT WARNING * * *
The freezing wraith hits you!
* * * LOW HITPOINT WARNING * * *
The freezing wraith drains your vigour!
You feel as though you will be slow longer.
You block the freezing wraith's attack. x2
You block the freezing wraith's attack. The freezing wraith barely misses you.
You block the freezing wraith's attack.
The freezing wraith hits you but does no damage.
The freezing wraith hits you.
* * * LOW HITPOINT WARNING * * *
The freezing wraith freezes you!!
You die...

# ##'######.######.####### #
####### #..# #..# #..# #.....#
##>####.## ##.# #..#..##
#......# ###.#### ###.#_#..#
####.### #......### .....#...#
####.#### #.........
.........###.......# #.[....###
....#.##...........# #......# #
......####.#.<..@W.### #......#
#
..(.+......#...>.....###......#
....########.......#..........#
....# #.......#####......#
+#### #.......# ###.#### ...#
##.###### ##.# ##.##### #.###
##..# .......### #...# #..##
.........######'#####
##.########


You could see a freezing wraith.

Vanquished Creatures
  3 two-headed ogres
  Pikel (D:5)
  An ugly thing (D:10)
  A cyclops (D:10)
  4 yaks (D:10)
  A wraith (D:9)
  A steam dragon (D:7)
  2 vampire mosquitoes (D:8)
  Edmund (D:4)
  A water moccasin (D:5)
  3 orc warriors
  3 black bears
  4 necrophages
  2 ice beasts
  A sky beast (D:7)
  4 ogres
  3 centaurs
  4 bullfrogs
  A kobold brigand (D:9)
  A gnoll sergeant (D:9)
  A wyvern zombie (D:7)
  4 scorpions
  5 killer bees (D:9)
  4 wights (D:9)
  4 centaur zombies
  A centaur skeleton (D:5)
  3 hounds (D:5)
  A bullfrog skeleton (D:7)
  8 orc priests
  2 jellies (D:4)
  5 iguanas
  Terence (D:3)
  10 orc wizards
  A hound skeleton (D:2)
  A howler monkey zombie (D:5)
  5 adders
  3 gnolls (D:9)
  A shadow imp (D:7)
  A white imp (D:6)
  2 ufetubi
  A worm (D:2)
  3 dart slugs
  43 orcs
  6 ball pythons
  7 endoplasms
  3 giant cockroaches
  6 goblins
  5 hobgoblins
  10 jackals
  5 quokkas
  3 bats
  3 frilled lizards
  12 kobolds
  9 rats
221 creatures vanquished.

Vanquished Creatures (others)
  A plant (D:3)
1 creature vanquished.

Grand Total: 222 creatures vanquished

Notes
Turn   | Place    | Note
-------+----------+-------------------------------------------
     0 | D:1      | bobkasz the Minotaur Fighter began the quest for the Orb.
     0 | D:1      | Reached XP level 1. HP: 19/19 MP: 0/0
   135 | D:1      | Found a faded altar of an unknown god.
   217 | D:1      | Reached XP level 2. HP: 27/27 MP: 1/1
   494 | D:1      | Reached skill level 4 in Shields
   908 | D:2      | Reached XP level 3. HP: 33/33 MP: 2/2
  1232 | D:2      | Found a shimmering blue altar of Sif Muna.
  1431 | D:2      | Reached XP level 4. HP: 40/40 MP: 3/3
  2033 | D:3      | Noticed Terence
  2061 | D:3      | Killed Terence
  3103 | D:4      | Reached XP level 5. HP: 43/46 MP: 4/4
  3182 | D:4      | Noticed Edmund
  3219 | D:4      | Killed Edmund
  3220 | D:4      | Reached skill level 1 in Short Blades
  3220 | D:4      | Reached skill level 5 in Armour
  3220 | D:4      | Reached skill level 1 in Dodging
  3220 | D:4      | Reached skill level 5 in Shields
  3220 | D:4      | Reached XP level 6. HP: 16/53 MP: 5/5
  3567 | D:4      | Found Oqovuuri's Book Emporium.
  3973 | D:4      | Found a stormy altar of Qazlal.
  3981 | D:4      | Became a worshipper of Qazlal Stormbringer
  4069 | D:4      | Found a bloodstained altar of Trog.
  4435 | D:4      | Reached skill level 1 in Maces & Flails
  4435 | D:4      | Reached skill level 6 in Shields
  4435 | D:4      | Reached XP level 7. HP: 60/60 MP: 6/6
  4698 | D:5      | Entered Level 5 of the Dungeon
  4734 | D:5      | Noticed a troll
  5964 | D:5      | Reached skill level 7 in Shields
  6151 | D:5      | Found a staircase to the Ecumenical Temple.
  6243 | D:5      | Reached XP level 8. HP: 52/67 MP: 7/7
  6446 | D:5      | Reached skill level 5 in Fighting
  7288 | D:6      | Found a transporter.
  7322 | D:6      | Found a transporter.
  7361 | D:6      | Noticed Pikel
  7390 | D:5      | Killed Pikel
  7391 | D:5      | Reached skill level 5 in Maces & Flails
  7391 | D:5      | Reached skill level 8 in Shields
  7752 | D:6      | Reached XP level 9. HP: 66/74 MP: 8/8
  8075 | D:5      | Reached skill level 9 in Shields
  8316 | D:5      | Reached * piety under Qazlal
  9240 | D:7      | Found a white marble altar of Elyvilon.
  9327 | D:7      | Found a sparkling altar of Nemelex Xobeh.
  9328 | D:7      | Found a shimmering blue altar of Sif Muna.
  9329 | D:7      | Found a blossoming altar of Fedhas.
  9329 | D:7      | Found a basalt altar of Yredelemnul.
  9416 | D:7      | Found a radiant altar of Vehumet.
  9835 | D:7      | Found a shimmering altar of Xom.
 10385 | D:8      | Noticed a two-headed ogre
 10396 | D:8      | Killed a two-headed ogre
 10397 | D:8      | Reached XP level 10. HP: 37/83 MP: 9/9
 10404 | D:8      | Reached ** piety under Qazlal
 10640 | D:8      | Reached skill level 10 in Armour
 10694 | D:8      | Identified the +3 leather armour "Zout" {rC+ rN+ Str-2
                  | Int+4}
 11008 | D:8      | Found a sacrificial altar of Ru.
 11328 | D:8      | Identified the +3 quarterstaff "Loriasig" {elec, Str+3}
 11564 | D:9      | Found a glowing silver altar of Zin.
 11710 | D:9      | Reached skill level 10 in Shields
 12140 | D:9      | Found an iron altar of Okawaru.
 12177 | D:9      | Noticed a two-headed ogre
 12187 | D:9      | Killed a two-headed ogre
 12341 | D:9      | Reached skill level 11 in Shields
 12507 | D:9      | Noticed a two-headed ogre
 12834 | D:9      | Killed a two-headed ogre
 12835 | D:9      | Reached skill level 1 in Polearms
 13140 | D:10     | Entered Level 10 of the Dungeon
 13184 | D:10     | Found a staircase to the Orcish Mines.
 13781 | D:10     | Reached skill level 1 in Stealth
 13781 | D:10     | Reached XP level 11. HP: 91/91 MP: 8/10
 13801 | D:10     | Found a transporter.
 13803 | D:10     | Noticed a boulder beetle
 13803 | D:10     | Noticed StarGazer's ghost (novice DsNe)
 13907 | D:10     | Noticed an ogre mage
 13952 | D:10     | Noticed a centaur warrior
 13970 | D:10     | Noticed a red ugly thing
 14007 | D:10     | Killed a red ugly thing
 14021 | D:10     | Noticed a deep elf pyromancer
 14572 | D:9      | HP: 3/91 [freezing wraith (11)]
 14577 | D:9      | HP: 3/91 [freezing wraith (2)]
 14577 | D:9      | Demolished by a freezing wraith

Illustrated notes

Levels and vault maps discovered:
D:1:      minmay_arrival_hallway, layout_basic, basic_ecumenical_altar,
          serial_bayou_pond_c
D:2:      layout_basic, basic_altar, minmay_misc_feat_enclosed
D:3:      layout_loops_corners, st_stairs_7, kennysheep_donut,
          serial_bayou_pond_b, hangedman_decor_points, uniq_terence
D:4:      layout_basic, mainiacjoe_overflow_surrounded_room,
          kennysheep_little_box, serial_shops, nicolae_shop_statue_plus,
          uniq_edmund
D:5:      layout_loops_corners, minmay_temple_entry_statues_pillars
D:6:      gammafunk_cloud_chamber, layout_cave_pools, uniq_pikel
D:7:      layout_basic, mainiacjoe_overflow_paths, tgw_xom,
          mainiacjoe_overflow_alcove_3, lemuel_round_altar
D:8:      layout_loops_corners, mainiacjoe_overflow_chevrons
D:9:      layout_roguey, okawaru_metal_pillars_1_2,
          nicolae_overflow_crystal_walls
D:10:     minmay_clustersquares, layout_gridville, orc_0_dummy,
          gammafunk_ghost_arena, minmay_stone_trees_small, kennysheep_nub,
          kb_rosetta

Skill      XL: |  1  2  3  4  5  6  7  8  9 10 11 |
---------------+----------------------------------+-----
Fighting       | 4 5 6 |  6.9
Armour         | 4 5 7 8 9 10 | 10.8
Shields        | 4 5 6 7 8 9 11 | 11.7
Long Blades    | 3 4 |  4.1
Short Blades   | 1 2 |  2.1
Dodging        | 1 2 3 |  3.9
Maces & Flails | 1 2 5 8 9 |  9.8
Polearms       | 2 3 |  3.6
Stealth        | 1 |  1.1
Invocations    | |  0.7

Action                   |  1- 3 |  4- 6 |  7- 9 | 10-12 || total
-------------------------+-------+-------+-------+-------++-------
Melee: Long sword        |    97 |    44 |       |       ||   141
       Headbutt          |    13 |    19 |    69 |    51 ||   152
       Short sword       |       |    64 |       |       ||    64
       Flail             |       |    40 |   288 |   188 ||   516
       Trident           |       |       |       |   126 ||   126
Invok: Upheaval          |       |       |       |     6 ||     6
Evoke: Wand              |       |       |       |     2 ||     2
  Use: Potion            |       |     2 |       |       ||     2
Armor: Chain mail        |    54 |    51 |   146 |   116 ||   367
       Scale mail        |     1 |       |       |       ||     1
       Skin              |       |     4 |       |       ||     4
Dodge: Dodged            |    11 |    19 |    56 |    41 ||   127
Block: Tower shield      |    77 |   132 |   323 |   437 ||   969
       Kite shield       |     1 |       |       |       ||     1
       Rpst.: Long sword |     2 |     3 |       |       ||     5
